 Dungeon Crawl Stone Soup version 0.19-a0-1908-g43c011f (webtiles) character file.

48 Kaname the Vexing (level 3, 0/26 HPs)
             Began as a High Elf Wanderer on Oct 22, 2016.
             Succumbed to an adder's poison
             ... on level 2 of the Dungeon.
             The game lasted 00:05:02 (2014 turns).

Kaname the Vexing (High Elf Wanderer)               Turns: 2014, Time: 00:05:04

Health: 0/26       AC:  3    Str:  8    XL:     3   Next: 50%
Magic:  7/7        EV: 11    Int: 17    God:
Gold:   70         SH:  0    Dex: 17    Spells: 2 memorised, 2 levels left

rFire  . . .     SeeInvis .     c - +1 spear
rCold  . . .     Gourm    .     d - +1 robe
rNeg   + . .     Faith    .     (no shield)
rPois  .         Spirit   .     (no helmet)
rElec  .         Reflect  .     (no cloak)
rCorr  .         Harm     .     (no gloves)
MR     .....                    (no boots)
Stlth  ++........               k - amulet of rage
                                (no ring)
                                e - ring of positive energy

@: lethally poisoned (0 -> -2)
A: no striking features
a: Evoke Berserk Rage


You were on level 2 of the Dungeon.
You were not hungry.

You visited 1 branch of the dungeon, and saw 2 of its levels.

You collected 70 gold pieces.

Inventory:

Hand Weapons
 c - a +1 spear (weapon)
Armour
 d - a +1 robe (worn)
Jewellery
 e - a ring of positive energy (left hand)
 k - an amulet of rage (around neck)
Scrolls
 h - a scroll of enchant weapon
Potions
 g - 4 potions of curing {unknown}
Books
 a - a book of Minor Magic

   Spells                             Type                      Level
   a - Magic Dart                     Conjuration                  1
   b - Blink                          Translocation                2
   c - Call Imp                       Summoning                    2
   d - Repel Missiles                 Charms/Air                   2
   e - Slow                           Hexes                        2
   f - Conjure Flame                  Conjuration/Fire             3
   g - Mephitic Cloud                 Conjuration/Poison/Air       3
 b - the Incunabulum of Changing

   Spells                             Type                      Level
   a - Passwall                       Transmutation/Earth          2
   b - Sticks to Snakes               Transmutation                2
Comestibles
 f - 2 bread rations
 n - 3 chunks of flesh


   Skills:
 - Level 3.0 Fighting
 + Level 2.0 Stealth
   Level 1.0 Shields
 - Level 2.0 Spellcasting
   Level 3.0 Hexes
   Level 1.0 Ice Magic
 * Level 1.6 Earth Magic
 - Level 1.0 Evocations


You had 2 spell levels left.
You knew the following spells:

 Your Spells              Type           Power        Failure   Level  Hunger
a - Blink                 Tloc           N/A          30%         2    ###....
b - Passwall              Tmut/Erth      #.........   24%         2    ###....


Dungeon Overview and Level Annotations

Branches:
Dungeon (2/15)

Altars:


Message History

As you read the scroll labeled ECWIUPUBAF, it crumbles to dust.
It is a scroll of recharging.
You aren't carrying any rechargeable items.
As you read the scroll labeled NOH VEOGOASYD, it crumbles to dust.
It is a scroll of amnesia.
Forget which spell ([?*] list [ESC] exit)?
Forget which spell ([?*] list [ESC] exit)?
Okay, then.
* * * LOW HITPOINT WARNING * * *
You feel sick.
Found a stone staircase leading down.
* * * LOW HITPOINT WARNING * * *
You feel sick.
* * * LOW HITPOINT WARNING * * *
You feel sick.
* * * LOW HITPOINT WARNING * * *
You feel sick.
You see here a rat skeleton.
You see here a frilled lizard skeleton.
You die...

#..........# #..........#
#..........# #..........#
#....÷.....# ##. #
#####÷###>... ##..##. #K#
###. ...#.. #.##.....
.... ##@...# ...#
###..#### #..#
#####....###########.#
#....................####
#######.######.÷..##.....
#.........##########
#...####### #####


You could see a kobold.

Vanquished Creatures
  An adder (D:2)
  A worm (D:2)
  2 dart slugs (D:1)
  2 leopard geckos (D:1)
  A giant cockroach (D:2)
  2 goblins
  4 hobgoblins
  3 jackals (D:1)
  2 kobolds (D:2)
  A quokka (D:2)
  A ball python (D:1)
  4 bats
  2 frilled lizards
  4 rats
30 creatures vanquished.

Notes
Turn   | Place    | Note
-------+----------+-------------------------------------------
     0 | D:1      | Kaname the High Elf Wanderer began the quest for the Orb.
     0 | D:1      | Kaname set off with: a book of Minor Magic, the Incunabulum of Changing, a +0 spear, a +0 robe, a bread ration
     0 | D:1      | Reached XP level 1. HP: 16/16 MP: 3/3
     0 | D:1      | Identified the Incunabulum of Changing
   315 | D:1      | Reached skill level 1 in Stealth
   419 | D:1      | Reached XP level 2. HP: 21/21 MP: 5/5
   423 | D:1      | Learned a level 2 spell: Blink
   426 | D:1      | Learned a level 2 spell: Passwall
  1063 | D:1      | Reached skill level 1 in Earth Magic
  1412 | D:2      | Reached XP level 3. HP: 9/26 MP: 7/7
  2010 | D:2      | HP: 1/26 [poisoned by an adder]
  2014 | D:2      | Succumbed to an adder's poison

Vault maps used:
D:1:      lightli_arrival_noodles, serial_co_window_serial, co_window_paths_a,
          co_window_of_opportunity_a, co_window_corner_a,
          co_window_of_opportunity_a, co_window_corner_a,
          co_window_of_opportunity_c, co_window_paths_c,
          co_window_unsneaky_path_a, co_window_broadway_a, co_window_corner_b,
          co_window_broadway_c, glass_columns_a, glass_columns_b,
          glass_columns_c
D:2:      minmay_tromino_i4

Skill      XL: |  1  2  3 |
---------------+----------+-----
Stealth        | 1 2 |  2.0
Spellcasting   | 2 |  2.0
Earth Magic    | 1 |  1.6
Fighting       | |  3.0
Shields        | |  1.0
Hexes          | |  3.0
Ice Magic      | |  1.0
Evocations     | |  1.0

Action                   || total
-------------------------++-------
Melee: Spear             ||   152
  Use: Scroll            ||     5
 Stab: Sleeping          ||     6
  Eat: Chunk             ||     4
Armor: Robe              ||    19
Dodge: Dodged            ||    48
